 Dungeon Crawl Stone Soup version 0.32-a0-918-g0f22ef8d61 (webtiles) character file.

Game seed: 9549657288100305912

2404 croobank the Sneak (level 9, -1/65 HPs)
             Began as a Human Alchemist on Apr 10, 2024.
             Was an Initiate of Kikubaaqudgha.
             Slain by an orc warrior
             ... wielding a +0 flail
              (7 damage)
             ... on level 8 of the Dungeon on Apr 11, 2024.
             The game lasted 00:42:50 (9650 turns).

croobank the Sneak (Human Alchemist)                Turns: 9650, Time: 00:42:50

Health: -1/65      AC:  3    Str: 15    XL:     9   Next: 47%
Magic:  11/16      EV: 13    Int: 19    God:    Kikubaaqudgha [......]
Gold:   441        SH:  0    Dex: 14    Spells: 10/17 levels left

rFire   . . .        o - +1 flail (holy)
rCold   . . .        (no shield)
rNeg    . . .        d - +1 robe
rPois   .            (no helmet)
rElec   .            (no cloak)
rCorr   .            (no gloves)
SInv    .            (no boots)
Will    .....        (no amulet)
Stlth   +++          g - +4 ring of slaying
HPRegen 0.30/turn    y - +6 ring of strength
MPRegen 0.15/turn

%: no passive effects
@: very slightly contaminated
A: explore regen
a: Renounce Religion


You were on level 8 of the Dungeon.
You worshipped Kikubaaqudgha.
Kikubaaqudgha was noncommittal.
You visited 2 branches of the dungeon, and saw 9 of its levels.

You collected 441 gold pieces.

Inventory:

Hand Weapons
 a - a +3 dagger of speed
 b - a +0 sling
 j - a +0 short sword
 m - a +0 trident
 o - a +1 flail of holy wrath (weapon)
 B - a +0 broad axe
Armour
 d - a +1 robe (worn)
Jewellery
 g - a +4 ring of slaying (left hand)
 y - a +6 ring of strength (right hand)
Talismans
 D - a beast talisman
Wands
 h - a wand of paralysis (3)
 k - a wand of flame (13)
 n - a wand of polymorph (8)
 E - a wand of warping (3)
Scrolls
 f - a scroll of blinking
 i - 4 scrolls of teleportation
 q - a scroll of amnesia
 w - 4 scrolls of revelation
 F - a scroll of fear
Potions
 c - a potion of magic
 e - a potion of curing
 p - 7 potions of brilliance
 s - a potion of might {unknown}
 t - a potion of heal wounds {unknown}
 u - 2 potions of enlightenment {unknown}
 v - 2 potions of berserk rage {unknown}
 x - a potion of lignification {unknown}
 A - 3 potions of mutation {unknown}
 G - a potion of haste {unknown}


   Skills:
 - Level 3.7 Fighting
 - Level 5.1 Dodging
 - Level 5.5 Stealth
 - Level 4.7 Spellcasting
 - Level 4.6 Conjurations
 + Level 0.0 Hexes
 - Level 4.7 Air Magic
 - Level 5.0 Alchemy
 - Level 2.0 Evocations


You had 10 spell levels left.
You knew the following spells:

 Your Spells              Type           Power      Damage    Failure   Level
a - Sting                 Conj/Alch      88%        1d8       1%          1
b - Mephitic Cloud        Conj/Alch/Air  22%        N/A       5%          3
c - Confusing Touch       Hex            4%         N/A       36%         3

Your spell library contained the following spells:

 Spells                   Type           Power      Damage    Failure   Level
 Mercury Vapours          Alch/Air       46%        N/A       2%          2
 Kiss of Death            Conj/Necr      52%        2d9       4%          1
 Olgreb's Toxic Radiance  Alch           23%        N/A       16%         4
 Frozen Ramparts          Ice            8%         1d2       36%         3
 Maxwell's Portable Pile  Tloc           4%         2d(5-14)  36%         3
 Sticky Flame             Fire/Alch      14%        2d5       41%         4
 Dispel Undead            Necr           4%         3d7       77%         4
 Permafrost Eruption      Ice/Erth       2%         2x4d2     100%        6
 Manifold Assault         Tloc           2%         N/A       100%        7


Dungeon Overview and Level Annotations

Branches:
Dungeon (8/15)             Temple (1/1) D:6
   Lair: D:8-11

Altars:
Cheibriados
Dithmenos
Elyvilon
Fedhas
Gozag
Kikubaaqudgha
Makhleb
Nemelex Xobeh
Okawaru
Sif Muna
Vehumet
Wu Jian
Xom
Yredelemnul
Zin
Lugonu

Shops:
D:3 *

Portals:
Abyss: Temple


Innate Abilities, Weirdness & Mutations

You regain HP and MP as you explore.


Message History

The orc shouts!
The orc warrior shouts!
The orc warrior unwields a +0 flail.
The orc warrior wields a +0 orcbow.
The orc warrior shoots an arrow.
The arrow hits you!
You hit the orc but do no damage. The orc closely misses you.
The orc barely misses you.
You hit the orc.
The orc is severely wounded.
The orc closely misses you.
The orc warrior unwields a +0 orcbow.
The orc warrior wields a +0 flail.
The orc warrior hits you with a +0 flail.
Casting: Mephitic Cloud (dangerous; 5% risk of failure)
Confirm with . or Enter, or press ? or * to list all spells.
You miscast Confusing Touch.
You are very lightly contaminated with residual magic.
Nothing appears to happen.
The orc closely misses you.
Casting: Confusing Touch (dangerous; 36% risk of failure)
Confirm with . or Enter, or press ? or * to list all spells.
Your hands begin to glow red.
The orc warrior hits you with a +0 flail!
The orc hits you but does no damage.
You hit the orc warrior but do no damage.
The orc warrior hits you with a +0 flail.
The orc barely misses you.
The orc warrior hits you with a +0 flail!
The orc hits you but does no damage.
You hit the orc warrior but do no damage.
The orc warrior closely misses you. The orc hits you with a +0 club.
You hit the orc but do no damage.
The orc appears confused.
The orc is severely wounded.
The orc warrior hits you with a +0 flail!
* * * LOW HITPOINT WARNING * * *
The orc closely misses you.
The orc hits itself with a +0 club.
The orc is killed!
Kikubaaqudgha accepts your kill.
The orc warrior hits you with a +0 flail.
* * * LOW HITPOINT WARNING * * *
You barely miss the orc warrior.
The orc warrior hits you with a +0 flail!
You die...
Kikubaaqudgha rasps: You have failed me!
Welcome... death!

§§.##..... §§##...(##.
...+ .......#..... ...#
##(...##....# #..
....(##.....## #.#
.............#####.#
...................#
...................#######
................@........#
)..............o)..#.###.#
####'###'#.###'##'##'###.#
#.# #.#.#.....#.....#.#
#.###.#.#.....#)....#.#
#.....#.'##'##'##'##+.#
#######.#..#.....#..#.#
#.#.o#'###+#..#.#
#.#..#.....#..#.#


You could see an orc warrior.

Vanquished Creatures
  Sigmund (D:2)
  Menkaure (D:4)
  2 water moccasins (D:6)
  2 ice beasts
  3 ogres
  A phantom (D:4)
  A kobold brigand (D:5)
  2 bullfrogs (D:7)
  A scorpion (D:7)
  4 killer bees (D:6)
  3 howler monkeys (D:7)
  4 hounds
  5 orc priests
  An iron imp (D:7)
  Jessica (D:2)
  2 sleepcaps
  2 iguanas (D:5)
  3 orc wizards
  7 gnolls
  8 adders
  An adder skeleton (D:4)
  3 dart slugs
  27 orcs
  11 ball pythons
  10 endoplasms
  3 giant cockroaches
  A goblin (D:1)
  4 hobgoblins
  6 jackals
  3 quokkas
  8 bats
  4 frilled lizards (D:1)
  13 kobolds
  7 rats
155 creatures vanquished.

Vanquished Creatures (collateral kills)
  2 human simulacra (D:8)
2 creatures vanquished.

Vanquished Creatures (others)
  A killer bee (D:6)
  2 orc wizards
3 creatures vanquished.

Grand Total: 160 creatures vanquished

Notes
Turn   | Place    | Note
-------+----------+-------------------------------------------
     0 | D:1      | croobank the Human Alchemist began the quest for the Orb.
     0 | D:1      | Reached XP level 1. HP: 13/13 MP: 3/3
   204 | D:1      | Reached XP level 2. HP: 19/19 MP: 5/5
   510 | D:1      | Found a faded altar of an unknown god.
   603 | D:1      | Reached XP level 3. HP: 17/24 MP: 6/6
   839 | D:2      | Noticed Sigmund
   854 | D:2      | Killed Sigmund
   855 | D:2      | Reached XP level 4. HP: 11/30 MP: 0/8
   855 | D:2      | Reached XP level 5. HP: 13/35 MP: 0/9
  1157 | D:2      | Noticed Jessica
  1161 | D:2      | Killed Jessica
  1178 | D:2      | Reached XP level 6. HP: 41/41 MP: 6/10
  2401 | D:3      | Learned a level 3 spell: Mephitic Cloud
  2486 | D:3      | Found an ornate altar of the Wu Jian Council.
  2652 | D:3      | Found an opulent altar of Gozag.
  2654 | D:3      | Found Gozag's Platinum Reserve.
  3102 | D:3      | HP: 1/41 [gnoll/+0 club (8)]
  3402 | D:4      | Found an iron altar of Okawaru.
  3531 | D:4      | Found a basalt altar of Yredelemnul.
  3534 | D:4      | Noticed Menkaure
  3536 | D:4      | Found an ancient bone altar of Kikubaaqudgha.
  3694 | D:4      | Found a transporter.
  3697 | D:4      | Found a transporter.
  3903 | D:4      | Reached skill level 1 in Air Magic
  4224 | D:4      | Reached XP level 7. HP: 43/47 MP: 9/12
  4365 | D:4      | Reached skill level 1 in Fighting
  4549 | D:5      | Entered Level 5 of the Dungeon
  4713 | D:5      | Found a shimmering blue altar of Sif Muna.
  4994 | D:5      | Reached XP level 8. HP: 18/56 MP: 10/13
  5197 | D:5      | Found a white marble altar of Elyvilon.
  5646 | D:5      | Identified the +0 dagger of Eternal Harmony {spect, *Noise
                  | rElec rCorr}
  5721 | D:5      | Found a blossoming altar of Fedhas.
  6056 | D:6      | Found a radiant altar of Vehumet.
  6804 | D:6      | Reached skill level 5 in Alchemy
  6960 | D:6      | Reached skill level 5 in Stealth
  7356 | D:6      | Found a staircase to the Ecumenical Temple.
  7372 | Temple   | Found a one-way gate to the infinite horrors of the Abyss.
  7372 | Temple   | Entered the Ecumenical Temple
  7655 | D:6      | Reached XP level 9. HP: 30/63 MP: 15/15
  7918 | D:7      | Found a shimmering altar of Xom.
  8031 | D:7      | Reached skill level 1 in Evocations
  8351 | D:7      | Found a shadowy altar of Dithmenos.
  8432 | D:7      | Found a burning altar of Makhleb.
  8675 | D:7      | Reached skill level 5 in Dodging
  8723 | D:7      | Found a sparkling altar of Nemelex Xobeh.
  9021 | D:4      | Killed Menkaure
  9025 | D:4      | Became a worshipper of Kikubaaqudgha
  9042 | D:4      | Got Sif Muna's Anthology of the Glacial Jaunt
  9371 | D:8      | Found a snail-covered altar of Cheibriados.
  9458 | D:8      | Found a glowing silver altar of Zin.
  9634 | D:8      | Learned a level 3 spell: Confusing Touch
  9650 | D:8      | Slain by an orc warrior

Illustrated notes

Levels and vault maps discovered:
D:1:      minmay_arrival_loop, layout_rooms,
          hellmonk_ecumenical_altar_pennies_from_heaven, roderic_roman_lattice,
          minmay_statues_item, minmay_tetromino_i2
D:2:      layout_basic, uniq_sigmund, uniq_jessica
D:3:      layout_loops_ring, nicolae_gozag_zags_fifth_avenue,
          old_standard_altar, nicolae_kite_square_tiling_tiny,
          nicolae_twisty_statue_hallways
D:4:      layout_cave_pods, okawaru_ov_weapons_minmay,
          gammafunk_temple_of_torment, chequers_ossuary_entry_cave,
          kennysheep_generic_room_5
D:5:      layout_rooms, mainiacjoe_overflow_alcove_1,
          mainiacjoe_overflow_brackets, mainiacjoe_overflow_catwalk,
          mainiacjoe_sewer_entry_somewhere_in_here_1, kennysheep_generic_room_4
D:6:      layout_loops_ring, lemuel_crystal_altar, minmay_temple_entry_junction
D:7:      layout_rooms, kennysheep_mini_moat, demons_altar,
          nicolae_dithmenos_shadow_blocks, regret_index_xom_buried_treasure
D:8:      layout_basic, mainiacjoe_overflow_24_doors, cheibriados_altar_1,
          lemuel_round_altar, bh_circular_ruins
Temple:   nicolae_temple_total_abyssal_victory

Skill      XL: |  1  2  3  4  5  6  7  8  9 |
---------------+----------------------------+-----
Dodging        | 3 4 5 |  5.1
Stealth        | 3 4 5 |  5.5
Conjurations   | 2 3 4 |  4.6
Spellcasting   | 3 4 |  4.7
Alchemy        | 4 5 |  5.0
Air Magic      | 1 2 4 |  4.7
Fighting       | 2 3 |  3.7
Evocations     | 2 |  2.0

Action                     |  1- 3 |  4- 6 |  7- 9 || total
---------------------------+-------+-------+-------++-------
  Melee: Dagger            |    24 |   102 |   308 ||   434
         Flail             |       |       |    25 ||    25
   Fire: Sling             |    24 |     6 |       ||    30
  Throw: Throwing net      |       |       |     1 ||     1
   Cast: Sting             |    39 |    84 |    24 ||   147
         Mephitic Cloud    |       |       |    37 ||    37
         Confusing Touch   |       |       |     1 ||     1
  Evoke: Wand              |       |       |     9 ||     9
    Use: Scroll            |       |     3 |    17 ||    20
         Potion            |       |     1 |     5 ||     6
   Stab: Sleeping          |       |     4 |     3 ||     7
         Confused          |       |       |    18 ||    18
         Paralysed         |       |       |     8 ||     8
         Invisible         |       |       |     1 ||     1
 Armour: Robe              |    24 |    67 |   154 ||   245
  Dodge: Dodged            |    24 |    76 |   164 ||   264

Table legend: (Time is in decaauts)
 A = Elapsed time spent in this place.
 B = Non-inter-level travel time spent in this place.
 C = Inter-level travel time spent in this place.
 D = Time resting spent in this place.
 E = Time spent auto-exploring this place.
 F = Levels seen in this place.
 G = Mean time per level.
                   A        B        C        D        E       F      G
               +--------+--------+--------+--------+--------+-----+--------+
         Total |   9545 |   8998 |    547 |   2727 |   4598 |   9 | 1060.6 |
       Dungeon |   9524 |   8978 |    546 |   2727 |   4598 |   8 | 1190.5 |
        Temple |     20 |     19 |      1 |      0 |      0 |   1 |   20.0 |
               +--------+--------+--------+--------+--------+-----+--------+

Top non-repeatable levels by time:
     D:4: 1758 daAuts
     D:6: 1691 daAuts
     D:7: 1236 daAuts
     D:3: 1212 daAuts
     D:5: 1196 daAuts
     D:2: 1142 daAuts
     D:1: 989 daAuts
     D:8: 298 daAuts
  Temple: 20 daAuts
